 Dungeon Crawl Stone Soup version 0.17-a0-1020-ge683cc4 (console) character file.

18 Monkaria the Skirmisher (level 2, -1/37 HPs)
             Began as a Demonspawn Chaos Knight on May 14, 2015.
             Slain by an adder (2 damage)
             ... on level 2 of the Dungeon.
             The game lasted 00:00:47 (1036 turns).

Monkaria the Skirmisher (Demonspawn Chaos Knight)   Turns: 1036, Time: 00:00:47

Health: -1/37      AC: 21    Str: 12    XL:     2   Next: 51%
Magic:  2/2        EV:  2    Int: 13    God:    Xom [..*...]
Gold:   77         SH:  0    Dex: 17    Spells: 0 memorised, 1 level left

rFire  . . .     SeeInvis .     a - +0 falchion (chaos)
rCold  . . .     Clarity  .     (armour currently unavailable)
rNeg   + + +     SustAb   .     (no shield)
rPois  +         Gourm    .     (helmet currently unavailable)
rElec  .         Spirit   .     (cloak currently unavailable)
rCorr  .         Warding  .     (gloves currently unavailable)
rMut   .         NoTele   +     (boots currently unavailable)
MR     .....                    (no amulet)
Stlth  +++.......               (no ring)
                                (no ring)

@: agile, lethally poisoned (-1 -> -5), tree-form, very slightly contaminated,
hasted, very quick, not resistant to hostile enchantments, fairly stealthy
A: powered by pain 1
a: Renounce Religion


You were on level 2 of the Dungeon.
You worshipped Xom.
You were a toy of Xom.
You were not hungry.
You were a tree.
You visited 1 branch of the dungeon, and saw 2 of its levels.

You collected 77 gold pieces.

Inventory:

Hand weapons
 a - a +0 falchion of chaos (weapon)
Armour
 b - a +2 leather armour (melded)
Jewellery
 i - an uncursed ring of wizardry {unknown}
 k - an uncursed ring of protection from cold {unknown}
Scrolls
 f - a scroll of immolation {unknown}
 l - a scroll of identify {unknown}
Potions
 g - a potion of haste
Comestibles
 c - 2 bread rations
 d - a beef jerky
 j - a meat ration
 m - a chunk of flesh


   Skills:
 + Level 3.9 Fighting
 - Level 2.6 Long Blades
 - Level 1.7 Armour
 - Level 0.8 Dodging


You had one spell level left.
You didn't know any spells.

Dungeon Overview and Level Annotations

Branches:
Dungeon (2/15)

Altars:
Qazlal


Innate Abilities, Weirdness & Mutations

You sometimes gain a little power by taking damage.


Message History

* * * LOW HITPOINT WARNING * * *
You feel sick. The adder bites you but does no damage.
You hit the adder but do no damage.
The adder is heavily wounded.
The adder bites you but does no damage.
You hit the adder but do no damage.
The adder is heavily wounded.
* * * LOW HITPOINT WARNING * * *
You feel sick. The adder bites you but does no damage.
You hit the adder.
The adder flickers and vanishes!
Deactivating autopickup; reactivate with Ctrl-A.
* * * LOW HITPOINT WARNING * * *
You feel sick. Something bites you but does no damage.
You miss something. Something bites you but does no damage.
You closely miss something. Something bites you but does no damage.
You closely miss something.
* * * LOW HITPOINT WARNING * * *
You feel sick. Something bites you but does no damage.
You closely miss something. Something bites you.
You die...

######## ###......## #
§^....§...#
§###^..#.#(.#
#.^§#≈...##≈(#
#^##§...^#≈≈.##########
#^.§(§.^.≈^...........#
.....§_..(............#
...^≈§(.^..≈....♣.....#
.≈##≈§.≈##.......{....#
..#≈#..≈##^...........#
.^^≈#(.^##^...........#
..§.^..§≈^............#
#.....................#
#.....................#
#.....................#
#............#####


There were no monsters in sight!

Vanquished Creatures
  An ooze (D:1)
  A giant gecko (D:1)
  2 bats
  2 hobgoblins (D:1)
  A giant cockroach (D:1)
  A goblin (D:1)
  2 kobolds
  4 rats (D:1)
14 creatures vanquished.

Notes
Turn   | Place    | Note
--------------------------------------------------------------
     0 | D:1      | Monkaria the Demonspawn Chaos Knight began the quest for the Orb.
     0 | D:1      | Reached XP level 1. HP: 18/18 MP: 1/1
   242 | D:1      | XOM: divination: detect items
   268 | D:1      | Gained mutation: You sometimes gain a little power by taking damage. [demonic ancestry]
   268 | D:1      | Reached XP level 2. HP: 11/25 MP: 2/2
   620 | D:1      | XOM: divination: detect creatures
   999 | D:2      | Found a stormy altar of Qazlal.
  1035 | D:2      | HP: 1/37 [poisoned by an adder]
  1036 | D:2      | Slain by an adder

Vault maps used:
D:1:      dpeg_arrival_solitude
D:2:      grunt_qazlal_sundering

Action                   || total
-------------------------++-------
Melee: Falchion          ||    66
  Use: Potion            ||     4
